cohdb
Replays
Latest Replays
All Replays
Popular Replays
Top Player Replays
Match Explorer
How It Works
Community
CoH3 Stats
Reddit
Sign in to upload your games and track your stats! →
Sign in with Steam
Match 42686744
Unlisted
Match 42686744
Overview
Messages
Build Orders
End
Selects Australian Defense Battlegroup
Selects Australian Defense Battlegroup
Selects Australian Light Infantry Section
Australian Light Infantry Section
Construct Section Command Post
Dingo Light Scout Car
Infantry Section
Infantry Section
Construct Platoon Command Post
Humber Armored Car
CMP 15cwt Truck
Selects 2-pounder Anti-tank Gun Team
2-pounder Anti-tank Gun Team
TheMallis
PlammX
Mr.Larry.Mx
Alekel
[PBS] Sigizmund
kenleung
Geheimsache
gooood
0
0
Comments
sign in to comment!
No comments posted yet!